Map: Lock & Load

Players

Yuriprime

  • Race: Zerg Zerg
  • Spawn Location: 7:00

ViS

  • Race: Protoss Protoss
  • Spawn Location: 6:00

VOD

Have the link to the VOD?

Description

Time

  • Played on: March 13, 2018, 6:36 a.m.
  • Length: 5:51
Show
View Real Time Build Order
Export as new Build Order

Yuriprime Zerg 

Build Orders:  

Get SALT Encoding   

  12  0:03  Drone  
  13  0:18  Overlord  
  13  0:25  Drone  
  14  0:44  Drone x3  
  17  1:02  Roach Warren  
  16  1:34  Roach x3  
  16  1:37  Extractor x2  
  20  1:41  Drone  
  20  1:46  Drone  
  22  1:56  Evolution Chamber  
  21  2:15  Roach  
  21  2:37  Brutalisk  
  21  2:52  Roach  
  21  3:14  Brutalisk  
  21  4:09  Roach  
  21  4:31  Brutalisk  
Show
View Real Time Build Order
Export as new Build Order

ViS Protoss 

Build Orders:  

Get SALT Encoding   

  12  0:07  Probe (Chrono Boost)  
  13  0:19  Probe (Chrono Boost)  
  14  0:31  Probe (Chrono Boost)  
  15  0:43  Gateway  
  15  0:45  Probe (Chrono Boost)  
  16  0:55  Assimilator  
  16  0:59  Probe (Chrono Boost)  
  17  1:09  Pylon  
  17  1:16  Probe (Chrono Boost)  
  18  1:28  Probe (Chrono Boost)  
  20  1:40  Probe (Chrono Boost)  
  20  1:48  Cybernetics Core  
  20  1:52  Zealot  
  22  2:08  Probe (Chrono Boost)  
  23  2:10  Assimilator  
  23  2:22  Probe (Chrono Boost)  
  23  2:25  Zealot  
  26  2:36  Probe (Chrono Boost)  
  27  2:48  Robotics Facility  
  27  3:13  Probe (Chrono Boost)  
  27  3:15  Gateway  
  28  3:24  Dragoon, Probe (Chrono Boost)  
  31  4:13  Observer  
  31  4:17  Zealot  
  34  4:21  Zealot x2  
  34  4:24  Immortal  
  34  4:53  Dragoon x2  
  34  4:54  Dragoon  
Tags
 
Matchup
Co-op
Replay Pack
Co-op Speedrun
Add a new tag
Caveats
  • Supply blocks, unpowered buildings, or Contaminate may cause inaccurate times.
  • Supply counts are checked every 10 seconds.